 Dungeon Crawl Stone Soup version 0.22.0-60-ga52c2fcf6e (webtiles) character file.

381 JedernureinKreuz the Conjurer (level 6, -6/44 HPs)
             Began as a Gnoll Conjurer on Sept 9, 2018.
             Was an Initiate of Sif Muna.
             Mangled by rumpelstilzz's ghost (7 damage)
             ... on level 4 of the Dungeon.
             The game lasted 00:13:34 (2823 turns).

JedernureinKreuz the Conjurer (Gnoll Conjurer)      Turns: 2823, Time: 00:13:35

Health: -6/44      AC:  5    Str: 10    XL:     6   Next: 75%
Magic:  2/14       EV: 15    Int: 20    God:    Sif Muna [......]
Gold:   103        SH:  0    Dex: 15    Spells: 7/15 levels left

rFire    . . .     SeeInvis .   e - +0 dagger
rCold    . . .     Gourm    .   (no shield)
rNeg     . . .     Faith    .   a - +0 robe
rPois    .         Spirit   .   (no helmet)
rElec    .         Reflect  .   (no cloak)
rCorr    .         Harm     .   d - +2 pair of gloves
MR       .....                  (no boots)
Stlth    +++.......             (no amulet)
HPRegen  0.14/turn              (no ring)
MPRegen  0.14/turn              (no ring)

@: no status effects
A: distributed training, fangs 1, strong nose
a: Renounce Religion


You were on level 4 of the Dungeon.
You worshipped Sif Muna.
Sif Muna was noncommittal.
You were not hungry.

You visited 1 branch of the dungeon, and saw 4 of its levels.

You collected 103 gold pieces.

Inventory:

Hand Weapons
 e - a +0 dagger (weapon)
Missiles
 f - 37 poisoned needles
 h - 27 bolts
 i - a throwing net
 m - 57 stones (quivered)
 o - 32 arrows
Armour
 a - a +0 robe (worn)
 d - a +2 pair of gloves (worn)
Jewellery
 b - an uncursed amulet of regeneration {unknown}
Wands
 r - a wand of acid (15)
Scrolls
 g - a scroll of amnesia {unknown}
 j - a scroll of teleportation {unknown}
 k - 3 scrolls of remove curse {unknown}
 l - a scroll of noise {unknown}
 u - a scroll of enchant armour {unknown}
Potions
 n - a potion of curing {unknown}
 p - a potion of degeneration {unknown}
 s - a potion of magic {unknown}
 t - a potion of flight {unknown}
Comestibles
 c - 5 rations
 q - 8 chunks of flesh


   Skills:
 + Level 2.0 Fighting
 + Level 2.0 Short Blades
 + Level 2.0 Long Blades
 + Level 2.0 Axes
 + Level 2.0 Maces & Flails
 + Level 2.0 Polearms
 + Level 2.0 Staves
 + Level 2.0 Slings
 + Level 2.0 Bows
 + Level 2.0 Crossbows
 + Level 2.0 Throwing
 + Level 2.0 Armour
 + Level 5.0 Dodging
 + Level 4.6 Stealth
 + Level 2.0 Shields
 + Level 2.0 Unarmed Combat
 + Level 5.4 Spellcasting
 + Level 7.3 Conjurations
 + Level 1.6 Hexes
 + Level 1.6 Charms
 + Level 1.6 Summonings
 + Level 1.6 Necromancy
 + Level 1.6 Translocations
 + Level 1.6 Transmutations
 + Level 1.6 Fire Magic
 + Level 1.6 Ice Magic
 + Level 1.6 Air Magic
 + Level 1.6 Earth Magic
 + Level 1.6 Poison Magic
 + Level 2.2 Invocations
 + Level 2.0 Evocations


You had 7 spell levels left.
You knew the following spells:

 Your Spells              Type           Power        Failure   Level  Hunger
a - Magic Dart            Conj           ####         1%          1    None
b - Iskenderun's Mystic   Conj           ####....     5%          4    ####...
c - Dazzling Spray        Conj/Hex       ###...       5%          3    ##.....

Your spell library contained the following spells:

 Spells                   Type           Power        Failure   Level  Hunger
 Searing Ray              Conj           ####..       1%          2    None
 Force Lance              Conj/Tloc      ###.....     17%         4    ####...
 Fulminant Prism          Conj/Hex       ###.......   17%         4    ####...


Dungeon Overview and Level Annotations

Branches:
Dungeon (4/15)
 Temple: D:4-7

Altars:
Sif Muna
The Shining One

Annotations:
D:4 rumpelstilzz's ghost, amateur TrWz


Innate Abilities, Weirdness & Mutations

Your experience applies equally to all skills.
You have very sharp teeth.
Your uncanny sense of smell can sniff out nearby items.


Message History

The magic dart hits you!
* * * LOW HITPOINT WARNING * * *
Casting: Magic Dart (safe; 1% risk of failure)
Confirm with . or Enter, or press ? or * to list all spells.
Aiming: Magic Dart (safe; 1% risk of failure)
Press: ? - help, Shift-Dir - straight line, f/p - rumpelstilzz's ghost
Aim: rumpelstilzz's ghost (moderately damaged)
The magic dart hits rumpelstilzz's ghost.
Rumpelstilzz's ghost is moderately damaged.
Rumpelstilzz's ghost hits you.
* * * LOW HITPOINT WARNING * * *
Casting: Magic Dart (safe; 1% risk of failure)
Confirm with . or Enter, or press ? or * to list all spells.
Aiming: Magic Dart (safe; 1% risk of failure)
Press: ? - help, Shift-Dir - straight line, f/p - rumpelstilzz's ghost
Aim: rumpelstilzz's ghost (moderately damaged)
The magic dart hits rumpelstilzz's ghost.
Rumpelstilzz's ghost is moderately damaged.
Rumpelstilzz's ghost hits you!
You die...

#..# ##.##
#..# ##.#
#.##
#..########
##..#(..(.#
#..#.!.(.#
#.@W.8...#
#..'....(#
##.'..(..#
#.#(...(#
#.#.....#
#########


You could see rumpelstilzz's ghost.

Vanquished Creatures
  A water moccasin zombie (D:3)
  3 jellies (D:2)
  An orc wizard (D:3)
  Terence (D:3)
  5 adders
  7 oozes (D:2)
  2 worms (D:2)
  5 dart slugs
  A leopard gecko (D:4)
  6 orcs (D:3)
  A ball python (D:2)
  8 bats
  3 giant cockroaches
  9 goblins
  6 hobgoblins
  7 jackals (D:2)
  4 quokkas
  5 frilled lizards
  14 kobolds
  8 rats
97 creatures vanquished.

Vanquished Creatures (others)
  4 fungi (D:2)
  7 toadstools (D:2)
11 creatures vanquished.

Grand Total: 108 creatures vanquished

Notes
Turn   | Place    | Note
-------+----------+-------------------------------------------
     0 | D:1      | JedernureinKreuz the Gnoll Conjurer began the quest for the
                  | Orb.
     0 | D:1      | Reached XP level 1. HP: 13/13 MP: 6/6
   125 | D:1      | Reached XP level 2. HP: 19/19 MP: 1/7
   553 | D:1      | Reached XP level 3. HP: 25/25 MP: 7/9
   569 | D:1      | Reached skill level 5 in Spellcasting
   911 | D:2      | Reached skill level 1 in Invocations
  1042 | D:2      | Reached skill level 1 in Fighting
  1042 | D:2      | Reached skill level 1 in Short Blades
  1042 | D:2      | Reached skill level 1 in Long Blades
  1042 | D:2      | Reached skill level 1 in Axes
  1042 | D:2      | Reached skill level 1 in Maces & Flails
  1042 | D:2      | Reached skill level 1 in Polearms
  1042 | D:2      | Reached skill level 1 in Staves
  1042 | D:2      | Reached skill level 1 in Slings
  1042 | D:2      | Reached skill level 1 in Bows
  1042 | D:2      | Reached skill level 1 in Crossbows
  1042 | D:2      | Reached skill level 1 in Throwing
  1042 | D:2      | Reached skill level 1 in Armour
  1042 | D:2      | Reached skill level 1 in Shields
  1042 | D:2      | Reached skill level 1 in Unarmed Combat
  1042 | D:2      | Reached skill level 1 in Evocations
  1067 | D:2      | Reached XP level 4. HP: 32/32 MP: 2/11
  1237 | D:2      | Found a glowing golden altar of the Shining One.
  1385 | D:2      | Learned a level 4 spell: Iskenderun's Mystic Blast
  1389 | D:2      | Learned a level 3 spell: Dazzling Spray
  1393 | D:2      | Reached skill level 1 in Hexes
  1393 | D:2      | Reached skill level 1 in Charms
  1393 | D:2      | Reached skill level 1 in Summonings
  1393 | D:2      | Reached skill level 1 in Necromancy
  1393 | D:2      | Reached skill level 1 in Translocations
  1393 | D:2      | Reached skill level 1 in Transmutations
  1393 | D:2      | Reached skill level 1 in Fire Magic
  1393 | D:2      | Reached skill level 1 in Ice Magic
  1393 | D:2      | Reached skill level 1 in Air Magic
  1393 | D:2      | Reached skill level 1 in Earth Magic
  1393 | D:2      | Reached skill level 1 in Poison Magic
  1394 | D:2      | Reached XP level 5. HP: 37/37 MP: 3/12
  1743 | D:2      | Reached XP level 6. HP: 44/44 MP: 6/13
  1837 | D:2      | Found a deep blue altar of Sif Muna.
  1845 | D:2      | Became a worshipper of Sif Muna the Loreminder
  2331 | D:3      | Noticed Terence
  2441 | D:3      | Killed Terence
  2441 | D:3      | Reached skill level 5 in Dodging
  2803 | D:4      | Found a runed gate.
  2804 | D:4      | Found a runed gate.
  2805 | D:4      | Found a runed gate.
  2807 | D:4      | Noticed rumpelstilzz's ghost (amateur TrWz)
  2821 | D:4      | HP: 1/44 [rumpelstilzz's ghost/magic dart (2)]
  2823 | D:4      | Mangled by rumpelstilzz's ghost

Skill      XL: |  1  2  3  4  5  6 |
---------------+-------------------+-----
Spellcasting   | 5 |  5.4
Invocations    | 1 2 |  2.2
Fighting       | 1 2 |  2.0
Short Blades   | 1 2 |  2.0
Long Blades    | 1 2 |  2.0
Axes           | 1 2 |  2.0
Maces & Flails | 1 2 |  2.0
Polearms       | 1 2 |  2.0
Staves         | 1 2 |  2.0
Slings         | 1 2 |  2.0
Bows           | 1 2 |  2.0
Crossbows      | 1 2 |  2.0
Throwing       | 1 2 |  2.0
Armour         | 1 2 |  2.0
Shields        | 1 2 |  2.0
Unarmed Combat | 1 2 |  2.0
Evocations     | 1 2 |  2.0
Hexes          | 1 |  1.6
Charms         | 1 |  1.6
Summonings     | 1 |  1.6
Necromancy     | 1 |  1.6
Translocations | 1 |  1.6
Transmutations | 1 |  1.6
Fire Magic     | 1 |  1.6
Ice Magic      | 1 |  1.6
Air Magic      | 1 |  1.6
Earth Magic    | 1 |  1.6
Poison Magic   | 1 |  1.6
Dodging        | 5 |  5.0
Stealth        | |  4.6
Conjurations   | |  7.3

Action                   |  1- 3 |  4- 6 || total
-------------------------+-------+-------++-------
Melee: Dagger            |    34 |    19 ||    53
       Bite              |     3 |     1 ||     4
Throw: Stone             |       |     3 ||     3
 Cast: Magic Dart        |    60 |   153 ||   213
       Iskenderun's Myst |       |     6 ||     6
  Eat: Chunk             |       |     7 ||     7
Armor: Robe              |    10 |    17 ||    27
Dodge: Dodged            |    42 |    47 ||    89
